 Dungeon Crawl Stone Soup version 0.22-a0-848-ge9e22a0 (webtiles) character file.

12 Leszczynek the Ducker (level 2, -4/18 HPs)
             Began as a Deep Elf Monk on July 26, 2018.
             Slain by a gnoll
             ... wielding a +0 flail
              (11 damage)
             ... on level 3 of the Dungeon.
             The game lasted 00:03:27 (370 turns).

Leszczynek the Ducker (Deep Elf Monk)                Turns: 370, Time: 00:03:27

Health: -4/18      AC:  2    Str:  8    XL:     2   Next: 20%
Magic:  4/4        EV: 14    Int: 14    God:
Gold:   22         SH:  0    Dex: 17    Spells: 0/1 levels left

rFire    + . .     SeeInvis .   a - +0 short sword
rCold    + . .     Gourm    .   (no shield)
rNeg     . . .     Faith    .   b - +0 robe
rPois    +         Spirit   .   (no helmet)
rElec    +         Reflect  .   (no cloak)
rCorr    +         Harm     .   (no gloves)
MR       .....                  (no boots)
Stlth    ++........             (no amulet)
HPRegen  0.06/turn              (no ring)
MPRegen  0.09/turn              (no ring)

@: resistant, flying
A: no striking features
a: no special abilities


You were on level 3 of the Dungeon.
You were not hungry.

You visited 1 branch of the dungeon, and saw 3 of its levels.

You collected 22 gold pieces.

Inventory:

Hand Weapons
 a - a +0 short sword (weapon)
Missiles
 g - 16 arrows
Armour
 b - a +0 robe (worn)
Potions
 e - 2 potions of curing {@q1}
Comestibles
 d - 2 rations
 f - a chunk of flesh


   Skills:
 - Level 2.4 Fighting
 - Level 3.6 Short Blades
 - Level 3.6 Dodging
 - Level 2.4 Stealth
 + Level 0.2 Spellcasting
 + Level 0.2 Necromancy


You couldn't memorise any spells.
You knew the following spells:

 Your Spells              Type           Power        Failure   Level  Hunger
a - Animate Skeleton      Necr           N/A          26%         1    ##.....

Your spell library contained the following spells:

 Spells                   Type           Power        Failure   Level  Hunger
 Apportation              Tloc           #.....       28%         1    ##.....
 Summon Small Mammal      Summ           #...         28%         1    ##.....
 Summon Ice Beast         Ice/Summ       #.......     96%         4    #####..
 Confusing Touch          Hex            #.....       28%         1    ##.....
 Call Canine Familiar     Summ           #.......     65%         3    ####...
 Summon Butterflies       Summ           #.......     28%         1    ##.....
 Summon Hydra             Summ           #.........   100%        7    #######
 Summon Mana Viper        Hex/Summ       #.......     100%        5    ######.


Dungeon Overview and Level Annotations

Branches:
Dungeon (3/15)

Altars:
Trog


Message History

The gnoll hits you from afar with a spear.
As you read the scroll labeled QANARE YDEVY, it crumbles to dust.
It is a scroll of identify.
e - 2 potions of curing The gnoll closely misses you. x2
As you open the door, it creaks loudly!
The gnoll hits you from afar with a spear!
Ouch! That really hurt!
Found a bloodstained altar of Trog.
The gnoll completely misses you. x2
There is an open door here.
Unknown command.
It was a potion of resistance.
You feel protected. The gnoll closely misses you.
It was a potion of flight.
You feel very buoyant.
You fly up into the air.
The gnoll hits you with a flail!
Ouch! That really hurt!
You die...

##### ##.######
#_..# .........
#.g### .........
#@#'.# .........
###..# .........
##g###..........
#.g.............
#......#### #<.
#......# ###.#..
+...............
#......#####.#.#
#......# #.#.#


You could see a gnoll.

Vanquished Creatures
  An orc (D:3)
  2 giant cockroaches
  A hobgoblin (D:1)
  2 bats (D:2)
  A frilled lizard (D:2)
  2 kobolds
  3 rats
12 creatures vanquished.

Notes
Turn   | Place    | Note
-------+----------+-------------------------------------------
     0 | D:1      | Leszczynek the Deep Elf Monk began the quest for the Orb.
     0 | D:1      | Reached XP level 1. HP: 13/13 MP: 3/3
     2 | D:1      | Noticed a merfolk
     4 | D:1      | Noticed a felid
     6 | D:1      | Noticed a halfling
     6 | D:1      | Noticed a centaur
     8 | D:1      | Noticed a spriggan
     8 | D:1      | Noticed a minotaur
    10 | D:1      | Noticed a demonspawn
    13 | D:1      | Noticed a vampire
    13 | D:1      | Noticed a gargoyle
    15 | D:1      | Noticed a demigod
    15 | D:1      | Noticed a troll
    17 | D:1      | Noticed a draconian
    19 | D:1      | Noticed a naga
    19 | D:1      | Noticed a dwarf
    21 | D:1      | Noticed a formicid
    21 | D:1      | Noticed an ogre
    23 | D:1      | Noticed an octopode
    23 | D:1      | Noticed a tengu
    25 | D:1      | Noticed a vine stalker
    25 | D:1      | Noticed an elf
    27 | D:1      | Noticed a human
    27 | D:1      | Noticed a ghoul
   215 | D:2      | Reached XP level 2. HP: 14/18 MP: 4/4
   304 | D:3      | Learned a level 1 spell: Animate Skeleton
   304 | D:3      | cantrips and beasts
   304 | D:3      | THIS IS IT
   304 | D:3      | i should try at least a bit on this run
   362 | D:3      | You enter a teleport trap! The teleport trap disappears. Your surroundings suddenly seem different. 4 gnolls come into view.
   365 | D:3      | Found a bloodstained altar of Trog.
   365 | D:3      | Ouch! That really hurt!
   370 | D:3      | Ouch! That really hurt!
   370 | D:3      | Slain by a gnoll

Vault maps used:
D:1:      kb_arrival_jail
D:2:      minmay_misc_feat_four_crosses
D:3:      nicolae_overflow_quartered_altars

Action                   || total
-------------------------++-------
Melee: Short sword       ||    40
  Use: Potion            ||     2
       Scroll            ||     1
 Stab: Sleeping          ||     4
Armor: Robe              ||     4
Dodge: Dodged            ||    31

Table legend:
 A = Spawn XP
 B = Non-spawn XP
 C = Spawn XP percentage of total XP
 D = Spawn monster count
 E = Non-spawn monster count
 F = Spawn count percentage of total count
 G = Total turns spent on level
                    A         B        C        D         E        F      G
               +---------+---------+-------+---------+---------+-------+---------
         Total |       0 |      18 |   0.0 |       0 |      12 |   0.0 |   370
               +---------+---------+-------+---------+---------+-------+---------
           D:1 |       0 |       7 |   0.0 |       0 |       5 |   0.0 |    94
           D:2 |       0 |       8 |   0.0 |       0 |       6 |   0.0 |   197
           D:3 |       0 |       3 |   0.0 |       0 |       1 |   0.0 |    79
               +---------+---------+-------+---------+---------+-------+---------
